 Seeded DCSS version 0.29-a0-575-g0dc89cf053 (webtiles) character file.

Game seed: 31415926535 (custom seed)

31 donath the Sneak (level 3, -5/29 HPs)
             Began as a Demonspawn Delver on June 12, 2022.
             Slain by a black bear (7 damage)
             ... on level 5 of the Dungeon.
             The game lasted 00:10:22 (684 turns).

donath the Sneak (Demonspawn Delver)                 Turns: 684, Time: 00:10:23

Health: -5/29      AC:  3    Str: 12    XL:     3   Next: 7%
Magic:  3/3        EV: 14    Int: 13    God:
Gold:   74         SH:  0    Dex: 14    Spells: 2/2 levels left

rFire   . . .      SeeInvis .   a - +0 hand axe
rCold   . . .      Faith    .   (no shield)
rNeg    . . .      Spirit   .   b - +0 leather armour
rPois   .          Reflect  .   (helmet restricted)
rElec   .          Harm     .   (no cloak)
rCorr   .          Rampage  .   (no gloves)
Will    .....                   (no boots)
Stlth   +.........              (no amulet)
HPRegen 0.09/turn               (no ring)
MPRegen 0.08/turn               (no ring)

@: confused, attractive, hasted, very quick
A: antennae 1, repulsion field 1
a: no special abilities


You were on level 5 of the Dungeon.
You visited 1 branch of the dungeon, and saw 3 of its levels.

You collected 74 gold pieces.

Inventory:

Hand Weapons
 a - a +0 hand axe (weapon)
Missiles
 l - 17 stones (quivered)
 m - 2 curare-tipped darts
Armour
 b - a +0 leather armour (worn)
Wands
 g - a wand of digging (3)
 i - a wand of charming (3)
Scrolls
 c - a scroll of fog
 d - a scroll of magic mapping
 e - a scroll of fear
 h - a scroll of teleportation {unknown}
 j - a scroll of acquirement {unknown}
 p - a scroll of enchant armour {unknown}
 r - a scroll of poison {unknown}


   Skills:
 - Level 3.0 Fighting
 * Level 3.1 Axes
 - Level 2.0 Dodging
 - Level 4.5 Stealth


You had 2 spell levels left.
You didn't know any spells.
Your spell library contained the following spells:

 Spells                   Type           Power      Damage    Failure   Level
 Magic Dart               Conj           0%         1d3       36%         1
 Call Imp                 Summ           0%         N/A       52%         2
 Mephitic Cloud           Conj/Pois/Air  0%         N/A       75%         3
 Petrify                  Tmut/Erth      0%         N/A       98%         4
 Metabolic Englaciation   Hex/Ice        0%         N/A       100%        5
 Statue Form              Tmut/Erth      0%         N/A       100%        6


Dungeon Overview and Level Annotations

Branches:
Dungeon (7/15)
 Temple: D:4-7

Altars:

Shops:
D:6 *([[


Innate Abilities, Weirdness & Mutations

You have a pair of small antennae on your head.
You are surrounded by a mild repulsion field. (EV +2)


Message History

Something hits you but does no damage.
The black bear bites you but does no damage.
The black bear completely misses you.
The black bear claws you but does no damage.
Something hits you but does no damage.
There are monsters nearby!
You hit the black bear but do no damage.
The black bear is moderately wounded.
You barely miss something. You hit something.
You hear some strange, mumbled words.
A magic dart appears from out of thin air!
The magic dart hits you.
You hear some strange, mumbled words.
You are confused.
The black bear bites you but does no damage.
The black bear claws you but does no damage. x2
You are too confused!
It was a potion of magic.
Magic courses through your body. Something hits you.
You hear some strange, mumbled words.
A puff of flame appears from out of thin air!
The puff of flame hits you but does no damage.
The black bear completely misses you.
The black bear claws you but does no damage. x2
You don't know any spells.
You attack the rock wall.
The black bear bites you but does no damage.
The black bear claws you.
* * * LOW HITPOINT WARNING * * *
The black bear claws you but does no damage.
Something hits you but does no damage. Something hits you.
* * * LOW HITPOINT WARNING * * *
You feel yourself speed up.
You feel less wooden.
Your +0 leather armour unmelds from your body.
Something hits you.
* * * LOW HITPOINT WARNING * * *
Something hits you.
* * * LOW HITPOINT WARNING * * *
The black bear bites you!
You die...

########
####################......####..
#.....†.>......{{...............
##.#####.......@ho....(.........
#...# #############......#####.
###.# #..)...# #.# #......# #.#
##..#### #.# ##(. #.# #(#. #.#
.... #.# ..$♣.


You could see a black bear and an orc.

Vanquished Creatures
  A worm (D:5)
  A dart slug (D:5)
2 creatures vanquished.

Vanquished Creatures (collateral kills)
  An iguana (D:5)
1 creature vanquished.

Grand Total: 3 creatures vanquished

Notes
Turn   | Place    | Note
-------+----------+-------------------------------------------
     0 | D:5      | donath the Demonspawn Delver began the quest for the Orb.
     0 | D:5      | Reached XP level 1. HP: 18/18 MP: 1/1
   134 | D:5      | Noticed a phantom
   134 | D:5      | Noticed a jelly
   166 | D:6      | Found Pockia's Assorted Antiques.
   276 | D:6      | Found Enwituta's Antique Armour Boutique.
   350 | D:7      | Noticed a bullfrog
   434 | D:6      | Found Ubeumixa's Weapon Shoppe.
   459 | D:6      | Found Oninuec's Antique Armour Shop.
   549 | D:5      | Noticed a black bear
   651 | D:5      | Noticed an iguana
   652 | D:5      | Noticed an orc wizard
   659 | D:5      | Killed an iguana
   660 | D:5      | Gained mutation: You are surrounded by a mild repulsion
                  | field. (EV +2) [demonic ancestry]
   660 | D:5      | Reached XP level 2. HP: 11/24 MP: 2/2
   660 | D:5      | Gained mutation: You have a pair of small antennae on your
                  | head. [demonic ancestry]
   660 | D:5      | Reached XP level 3. HP: 14/29 MP: 3/3
   684 | D:5      | Slain by a black bear

Illustrated notes

Levels and vault maps discovered:
D:5:      minmay_angry_zag, layout_basic, xom_teletrap_fun, okawaru_trees_2
D:6:      layout_gridville, nicolae_hepliaklqana_monster_ancestors,
          nicolae_uskayaw_murder_on_the_dancefloor, serial_shops, shop, shop,
          nicolae_shop_overgrown_old_shop, nicolae_shop_hallway_plus,
          nicolae_shop_hallway_stairs
D:7:      layout_rooms, temple_fountains

Skill      XL: |  1 |
---------------+----+-----
Axes           | 3 |  3.1
Dodging        | 2 |  2.0
Fighting       | |  3.0
Stealth        | |  4.5

Action                   || total
-------------------------++-------
Melee: Hand axe          ||    10
Throw: Stone             ||    18
Evoke: Wand              ||     5
  Use: Potion            ||     5
Armor: Skin              ||    53
Dodge: Dodged            ||    15

Table legend: (Time is in decaauts)
 A = Elapsed time spent in this place.
 B = Non-inter-level travel time spent in this place.
 C = Inter-level travel time spent in this place.
 D = Time resting spent in this place.
 E = Time spent auto-exploring this place.
 F = Levels seen in this place.
 G = Mean time per level.
                   A        B        C        D        E       F      G
               +--------+--------+--------+--------+--------+-----+--------+
         Total |    688 |    688 |      0 |      0 |      8 |   3 |  229.3 |
       Dungeon |    688 |    688 |      0 |      0 |      8 |   3 |  229.3 |
               +--------+--------+--------+--------+--------+-----+--------+

Top non-repeatable levels by time:
     D:6: 400 daAuts
     D:5: 285 daAuts
     D:7: 1 daAuts
